 Dungeon Crawl Stone Soup version 0.30-a0-389-g8d7d949f56 (webtiles) character file.

Game seed: 2811516569484626513

392 PyroL the Grave Robber (level 6, -2/41 HPs)
             Began as a Demonspawn Necromancer on Dec 3, 2022.
             Slain by a gnoll
             ... wielding a +0 halberd
              (5 damage)
             ... on level 4 of the Dungeon.
             The game lasted 00:07:22 (3680 turns).

PyroL the Grave Robber (Demonspawn Necromancer)     Turns: 3680, Time: 00:07:22

Health: -2/41      AC:  6    Str:  9    XL:     6   Next: 50%
Magic:  3/13       EV: 12    Int: 18    God:
Gold:   145        SH:  0    Dex: 13    Spells: 10/14 levels left

rFire   . . .      SeeInvis .    e - +2 whip "Sarcophage" {vorpal, rPois rC- Will++ rCorr}
rCold   x . .      Faith    .    (no shield)
rNeg    + . .      Spirit   .    m - +1 robe
rPois   +          Reflect  .    (no helmet)
rElec   .          Harm     .    (no cloak)
rCorr   +          Rampage  .    (no gloves)
Will    ++...                    (no boots)
Stlth   ++........               (no amulet)
HPRegen 0.26/turn                o - ring of resist corrosion
MPRegen 0.13/turn                p - ring of positive energy

@: brilliant
A: icy blue scales 2, demonic touch 1
a: no special abilities


You were on level 4 of the Dungeon.
You visited 1 branch of the dungeon, and saw 4 of its levels.

You collected 145 gold pieces.

Inventory:

Hand Weapons
 e - the +2 whip "Sarcophage" (weapon) {vorpal, rPois rC- Will++ rCorr}
   (You found it on level 4 of the Dungeon)

   It inflicts extra damage upon your enemies.
   rC:        It makes you vulnerable to cold.
   rPois:     It protects you from poison.
   rCorr:     It protects you from acid and corrosion.
   Will:      It greatly increases your willpower.
Missiles
 c - 9 boomerangs
 t - a throwing net
Armour
 m - a +1 robe (worn)
Jewellery
 o - a ring of resist corrosion (left hand)
 p - a ring of positive energy (right hand)
Wands
 n - a wand of digging (5)
 r - a wand of quicksilver (5)
Scrolls
 a - a scroll of noise {unknown}
 d - a scroll of acquirement {unknown}
 g - 3 scrolls of identify {unknown}
 h - a scroll of enchant armour {unknown}
 i - 2 scrolls of immolation {unknown}
 k - 2 scrolls of poison {unknown}
Potions
 b - 3 potions of magic
 f - 2 potions of brilliance
 j - a potion of degeneration {unknown}
 l - a potion of lignification {unknown}
 q - a potion of might {unknown}
 s - a potion of curing {unknown}
 u - a potion of cancellation {unknown}
 v - a potion of heal wounds {unknown}


   Skills:
 - Level 1.7 Dodging
 - Level 1.7 Stealth
 + Level 4.7 Spellcasting
 + Level 6.8 Necromancy


You had 10 spell levels left.
You knew the following spells:

 Your Spells              Type           Power      Damage    Failure   Level
a - Necrotise             Necr           100%       1d9       1%          1
b - Vampiric Draining     Necr           43%        2d9       2%          3

Your spell library contained the following spells:

 Spells                   Type           Power      Damage    Failure   Level
 Animate Dead             Necr           43%        N/A       9%          4
 Agony                    Necr           43%        N/A       22%         5


Dungeon Overview and Level Annotations

Branches:
Dungeon (4/15)
 Temple: D:4-7

Altars:
Ashenzari
Dithmenos

Shops:
D:2 ![*


Innate Abilities, Weirdness & Mutations

You are mostly covered in icy blue scales. (AC +3)
Your touch may inflict minor irresistible damage on your foes.


Message History

The gnoll hits your gnoll skeleton with a +0 spear!
You can't see any susceptible monsters within range! (Use Z to cast anyway.)
You can't see any susceptible monsters within range! (Use Z to cast anyway.) Unknown command.
Your gnoll skeleton hits the gnoll.
The gnoll writhes in agony.
The gnoll hits your gnoll skeleton with a +0 whip!
Your gnoll skeleton is destroyed!
The gnoll throws a throwing net.
The throwing net barely misses you.
The gnoll writhes in agony!
You kill the gnoll!
The dead are walking!
The gnoll closely misses you.
The gnoll hits you from afar with a +0 halberd!
You hit the gnoll. Your touch misses the gnoll. You punch the gnoll.
The gnoll is heavily wounded.
Your gnoll skeleton completely misses the gnoll.
The gnoll hits you with a +0 whip. The gnoll barely misses you.
The gnoll attacks as you move away! The gnoll misses you.
Your gnoll skeleton hits the gnoll.
The gnoll writhes in agony.
The gnoll hits you with a +0 whip!
The gnoll hits you from afar with a +0 halberd!
* * * LOW HITPOINT WARNING * * *
Sorry, you're not good enough to have a special ability.
Casting: Necrotise (safe; 1% risk of failure)
Confirm with . or Enter, or press ? or * to list all spells.
Aiming: Vampiric Draining (dangerous; 2% risk of failure)
Press: ? - help, Shift-Dir - straight line, f/p - gnoll
Aim: a gnoll, wielding a +0 whip (severely wounded)
You draw life force from the gnoll.
You feel life coursing into your body.
Your gnoll skeleton hits the gnoll.
The gnoll misses you.
The gnoll hits you from afar with a +0 halberd!
* * * LOW HITPOINT WARNING * * *
The gnoll attacks as you move away! The gnoll closely misses you.
The gnoll attacks as you move away! The gnoll hits you with a +0 whip.
* * * LOW HITPOINT WARNING * * *
It was a potion of brilliance.
You feel clever all of a sudden.
The gnoll hits you from afar with a +0 halberd.
You die...

♣ ..P ♣....≈.≈_≈.≈...≈.≈...)... ♣
.. ♣.#..≈.≈.≈.≈.≈.≈.≈.......
#♣♣♣.♣ ♣♣....≈.≈...≈.≈_≈.≈..(....
#..♣.♣P♣.....≈.≈≈≈≈≈.≈≈≈.≈.......
(....♣♣......≈.....≈.....≈.......
♣♣♣..........≈≈≈≈≈.≈≈≈≈≈≈≈.Z...(.
P♣♣.♣............................
..P.♣♣....##..#.###....####.#....
P..P♣♣♣...##)#).@.g.....#.#..PP♣♣
PP..P.♣.......##g#.........#.♣♣P
♣.P..P♣....)..##.#............♣
.P♣P.♣♣...#########....####.#P...
.PP♣♣♣♣...# ###### ###.P.
...♣♣#....# #.. ♣♣.♣......# #.
#.).##..## # #########


You could see 2 gnolls.

Vanquished Creatures
  A kobold brigand (D:4)
  A scorpion (D:4)
  A hound (D:3)
  Jessica (D:2)
  9 gnolls
  3 adders
  2 worms
  3 dart slugs
  An orc (D:4)
  6 endoplasms
  A giant cockroach (D:2)
  8 goblins
  7 hobgoblins
  10 jackals
  3 quokkas
  7 ball pythons
  4 bats
  3 frilled lizards
  8 kobolds
  8 rats
87 creatures vanquished.

Vanquished Creatures (collateral kills)
  An endoplasm (D:2)
  A goblin (D:2)
  A rat (D:2)
3 creatures vanquished.

Vanquished Creatures (others)
  5 plants
5 creatures vanquished.

Grand Total: 95 creatures vanquished

Notes
Turn   | Place    | Note
-------+----------+-------------------------------------------
     0 | D:1      | PyroL the Demonspawn Necromancer began the quest for the
                  | Orb.
     0 | D:1      | Reached XP level 1. HP: 13/13 MP: 3/3
   315 | D:1      | Gained mutation: You are partially covered in icy blue
                  | scales. (AC +2) [demonic ancestry]
   315 | D:1      | Reached XP level 2. HP: 19/19 MP: 3/5
   734 | D:1      | Reached XP level 3. HP: 23/24 MP: 2/7
   735 | D:1      | Reached skill level 5 in Necromancy
   739 | D:1      | Learned a level 3 spell: Vampiric Draining
   931 | D:1      | Found a faded altar of an unknown god.
  1559 | D:2      | Found Juda's Distillery.
  1661 | D:2      | Noticed Jessica
  1664 | D:2      | Killed Jessica
  1665 | D:2      | Reached XP level 4. HP: 18/30 MP: 4/8
  1716 | D:2      | Found Vailal's Antique Armour Emporium.
  2124 | D:2      | Found Gott's Assorted Antiques.
  2330 | D:3      | Gained mutation: You are mostly covered in icy blue scales.
                  | (AC +3) [demonic ancestry]
  2330 | D:3      | Reached XP level 5. HP: 35/35 MP: 6/10
  2333 | D:3      | Found a shadowy altar of Dithmenos.
  2714 | D:3      | Reached skill level 6 in Necromancy
  2992 | D:3      | Noticed a phantom
  3136 | D:4      | Identified the +2 whip "Sarcophage" {vorpal, rPois rC-
                  | Will++ rCorr}
  3266 | D:4      | Gained mutation: Your touch may inflict minor irresistible
                  | damage on your foes. [demonic ancestry]
  3266 | D:4      | Reached XP level 6. HP: 14/41 MP: 8/12
  3493 | D:4      | Found a broken altar of Ashenzari.
  3662 | D:4      | HP: 2/41 [gnoll/+0 halberd (10)]
  3678 | D:4      | HP: 2/41 [gnoll/+0 whip (4)]
  3680 | D:4      | Slain by a gnoll

Illustrated notes

Levels and vault maps discovered:
D:1:      minmay_arrival_three_doors, layout_loops_cross,
          shapermc_ecumenical_altar_mp_ritualfount, minmay_misc_feat_five
D:2:      minmay_diamond_boxcup, layout_basic, serial_shops,
          nicolae_square_shop, nicolae_shop_statue_plus, nicolae_square_shop,
          basic_altar, minmay_heptomino_w4, uniq_jessica
D:3:      layout_rooms, trog_wizard, mainiacjoe_overflow_cross_hatched
D:4:      layout_cave_pools, mainiacjoe_overflow_catwalk_spiral, serial_forest,
          infiniplex_forest_end_2, infiniplex_forest_3_way,
          infiniplex_forest_clump_cross, infiniplex_forest_lined_corner,
          infiniplex_forest_side_room, infiniplex_forest_clump_curved,
          infiniplex_forest_end_1, infiniplex_forest_3_way, uniq_blork_the_orc,
          uniq_edmund, uniq_menkaure

Skill      XL: |  1  2  3  4  5 |
---------------+----------------+-----
Necromancy     | 5 6 |  6.8
Spellcasting   | 3 4 |  4.7
Dodging        | |  1.7
Stealth        | |  1.7

Action                   |  1- 3 |  4- 6 || total
-------------------------+-------+-------++-------
Melee: Club              |    72 |    13 ||    85
       Unarmed           |     1 |       ||     1
       Whip              |       |    21 ||    21
       Touch             |       |     2 ||     2
       Punch             |       |     1 ||     1
 Cast: Necrotise         |    76 |    83 ||   159
       Vampiric Draining |       |     1 ||     1
  Use: Potion            |       |     1 ||     1
 Stab: Sleeping          |     1 |     1 ||     2
Armor: Robe              |    50 |    17 ||    67
Dodge: Dodged            |    97 |    44 ||   141

Table legend: (Time is in decaauts)
 A = Elapsed time spent in this place.
 B = Non-inter-level travel time spent in this place.
 C = Inter-level travel time spent in this place.
 D = Time resting spent in this place.
 E = Time spent auto-exploring this place.
 F = Levels seen in this place.
 G = Mean time per level.
                   A        B        C        D        E       F      G
               +--------+--------+--------+--------+--------+-----+--------+
         Total |   3706 |   3507 |    199 |    794 |   1969 |   4 |  926.5 |
       Dungeon |   3706 |   3507 |    199 |    794 |   1969 |   4 |  926.5 |
               +--------+--------+--------+--------+--------+-----+--------+

Top non-repeatable levels by time:
     D:2: 1620 daAuts
     D:1: 1077 daAuts
     D:4: 672 daAuts
     D:3: 336 daAuts
